 Dungeon Crawl Stone Soup version 0.31-a0-174-g85c54bcb58 (webtiles) character file.

Game seed: 10734614959012677888

51 qw the Chopper (level 3, 0/23 HPs)
             Began as a Gargoyle Fighter on June 15, 2023.
             Slain by a gnoll
             ... wielding a +0 halberd
              (10 damage)
             ... on level 2 of the Dungeon.
             The game lasted 00:00:27 (947 turns).

qw the Chopper (Gargoyle Fighter)                    Turns: 947, Time: 00:00:27

Health: 0/23       AC: 10    Str: 21    XL:     3   Next: 83%
Magic:  3/3        EV:  9    Int:  8    God:
Gold:   44         SH:  4    Dex:  9    Spells: 2/2 levels left

rFire   . . .        Y - +0 war axe
rCold   . . .        c - +0 buckler
rNeg    + . .        b - +0 scale mail
rPois   inf          (no helmet)
rElec   +            (no cloak)
rCorr   .            (no gloves)
SInv    .            (no boots)
Will    .....        (no amulet) Stlth
                     (no ring)
HPRegen 0.23/turn    (no ring)
MPRegen 0.08/turn

%: no passive effects
@: no status effects
A: sickness immunity, AC +3, negative energy resistance 1, electricity
resistance, torment resistance 1, petrification resistance
a: no special abilities


You were on level 2 of the Dungeon.
You visited 1 branch of the dungeon, and saw 2 of its levels.

You collected 44 gold pieces.


Innate Abilities, Weirdness & Mutations

You are immune to sickness and miasma.
Your stone body is resilient. (AC +3)
You are immune to poison.
You resist negative energy. (rN+)
You are resistant to electric shocks. (rElec)
You are resistant to unholy torment.
You are immune to petrification.


   Skills:
 - Level 3.2 Fighting
 + Level 3.6 Axes
 - Level 3.2 Armour
 - Level 3.2 Shields


You had 2 spell levels left.
You didn't know any spells.
Your spell library was empty.

Inventory:

Hand Weapons
 e - a +0 whip
 Y - a +0 war axe (weapon)
Missiles
 k - 5 boomerangs (quivered)
Armour
 b - a +0 scale mail (worn)
 c - a +0 buckler (worn)
Jewellery
 a - the amulet "Pianegau" {Acrobat -Tele rElec rPois Stlth+}
   (You found it on level 2 of the Dungeon)

   [amulet of the acrobat]

   It increases your evasion while moving and waiting.
   rElec:     It insulates you from electricity.
   rPois:     It protects you from poison.
   -Tele:     It prevents most forms of teleportation.
   Stlth:     It makes you more stealthy.
 j - an amulet of the acrobat
Scrolls
 g - a scroll of amnesia {unknown}
 i - a scroll of teleportation
Potions
 d - a potion of might
 f - a potion of invisibility {unknown}
 h - a potion of lignification {unknown}
 m - a potion of brilliance {unknown}
 o - a potion of resistance {unknown}

Dungeon Overview and Level Annotations

Branches:
Dungeon (2/15)

Altars:


Message History

The endoplasm quivers.
You throw a boomerang. The boomerang hits the endoplasm.
The endoplasm is lightly wounded.
You throw a boomerang.
The boomerang hits the endoplasm but does no damage.
The endoplasm is lightly wounded.
You throw a boomerang. The boomerang hits the endoplasm.
You kill the endoplasm!
A worm comes into view.
You throw a boomerang. The boomerang hits the worm.
The worm is moderately wounded.
You throw a boomerang. The boomerang hits the worm.
The worm is severely wounded.
You barely miss the worm.
The worm is severely wounded.
The worm barely misses you.
You slash the worm!
You kill the worm!
You see here a worm corpse.
A kobold comes into view. It is wielding a +0 short sword.
The kobold shouts!
You throw a boomerang. The boomerang barely misses the kobold.
A gnoll comes into view. It is wielding a +0 spear.
The gnoll shouts!
You hear a shout! x2
You block the gnoll's attack.
A gnoll comes into view. It is wielding a +0 halberd.
The gnoll shouts!
A gnoll comes into view. It is wielding a +0 flail.
The gnoll hits you but does no damage.
You slash the gnoll!
You kill the gnoll!
You closely miss the kobold.
The kobold barely misses you. x2; You block the gnoll's attack.
You closely miss the kobold.
The kobold hits you with a +0 short sword.
The gnoll hits you from afar with a +0 halberd!
You slash the kobold!
You kill the kobold!
The gnoll hits you from afar with a +0 halberd!
You die...

#.# #.# #.#####
#.# #.#...# #.#
#.....# #.#
###>..# # #.#
##.## ##..###.###
#.# ....gg))..#
#.# #@#.# #.#
#.#.# #.#####
#.#.#######.....#
#..#............##
##...######.......
#.###.....%.....##
#.# ##.####.....#
... #.# #######
### #.#


You could see 2 gnolls.

Vanquished Creatures
  A gnoll (D:2)
  2 adders (D:2)
  A worm (D:2)
  A dart slug (D:1)
  2 ball pythons (D:1)
  4 endoplasms
  2 giant cockroaches (D:1)
  A hobgoblin (D:1)
  A quokka (D:1)
  2 bats (D:1)
  A frilled lizard (D:1)
  2 kobolds
  A rat (D:1)
21 creatures vanquished.

Notes
Turn   | Place    | Note
-------+----------+-------------------------------------------
     0 | D:1      | qw the Gargoyle Fighter began the quest for the Orb.
     0 | D:1      | Reached XP level 1. HP: 14/14 MP: 1/1
     0 | D:1      | 0 ||| qw: Version: 0.2-a-29-g511e9b1
     0 | D:1      | 0 ||| qw: Game counter: 5353
     0 | D:1      | 0 ||| qw: Always use a shield: true
     0 | D:1      | 0 ||| qw: God list: Okawaru
     0 | D:1      | 0 ||| qw: Allow faded altars: false
     0 | D:1      | 0 ||| qw: Do Orc after D:15 true
     0 | D:1      | 0 ||| qw: Do second Lair branch before Depths: true
     0 | D:1      | 0 ||| qw: Lair rune preference: random
     0 | D:1      | 0 ||| qw: Plans: Normal, Zot:1-4, Slime:5, God:TSO, Crypt,
                  | Tomb, Abyss, Pan, Hells, Win
     0 | D:1      | 0 ||| PLANNING D:1-11
   210 | D:1      | Reached XP level 2. HP: 12/19 MP: 2/2
   520 | D:1      | 520 ||| Stepping ~*~*~tactically~*~*~ (stealth).
   522 | D:1      | 522 ||| Stepping ~*~*~tactically~*~*~ (stealth).
   527 | D:1      | 527 ||| Stepping ~*~*~tactically~*~*~ (stealth).
   531 | D:1      | 531 ||| Stepping ~*~*~tactically~*~*~ (stealth).
   532 | D:1      | 532 ||| Stepping ~*~*~tactically~*~*~ (stealth).
   534 | D:1      | 534 ||| Stepping ~*~*~tactically~*~*~ (stealth).
   781 | D:1      | 781 ||| DROPPING scarf of harm.
   782 | D:1      | 782 ||| READING scroll labelled FIDIRI ZEBO.
   783 | D:1      | 783 ||| READING 2 scrolls labelled WOHIOPLOUTH.
   786 | D:1      | 786 ||| READING scroll labelled EKHLEMP FAAXUHUF.
   787 | D:1      | 787 ||| READING scroll labelled USOS YGEIRE.
   807 | D:2      | Identified the amulet "Pianegau" {Acrobat -Tele rElec rPois
                  | Stlth+}
   825 | D:2      | Reached skill level 3 in Axes
   825 | D:2      | Reached XP level 3. HP: 23/23 MP: 3/3
   947 | D:2      | Slain by a gnoll

Levels and vault maps discovered:
D:1:      co_arrival_square_in_a_square_in_a_square, layout_loops_cross
D:2:      kennysheep_six_static_rooms, layout_loops_ring

Skill      XL: |  1  2 |
---------------+-------+-----
Axes           | 2 3 |  3.6
Fighting       | |  3.2
Armour         | |  3.2
Shields        | |  3.2

Action                     || total
---------------------------++-------
  Melee: War axe           ||    67
  Throw: Boomerang         ||    24
    Use: Scroll            ||     4
 Armour: Scale mail        ||    32
  Dodge: Dodged            ||    34
  Block: Buckler           ||    18

Table legend:
 A = Non-vault XP
 B = Vault XP
 C = Vault XP percentage of total XP
 D = Non-vault monster count
 E = Vault monster count
 F = Vault count percentage of total count
                 A         B        C        D         E       F
            +---------+---------+-------+---------+---------+-------
      Total |      76 |       0 |   0.0 |      21 |       0 |   0.0
            +---------+---------+-------+---------+---------+-------
        D:1 |      27 |       0 |   0.0 |      15 |       0 |   0.0
        D:2 |      49 |       0 |   0.0 |       6 |       0 |   0.0
            +---------+---------+-------+---------+---------+-------
